 Dungeon Crawl Stone Soup version 0.29.1-2-gbd0b4ee654 (webtiles) character file.

Game seed: 800082913146606988

484 zeram the Grave Robber (level 6, 0/49 HPs)
             Began as a Troll Necromancer on Nov 10, 2022.
             Killed by divine providence
             ... invoked by an orc priest
              (11 damage)
             ... on level 3 of the Dungeon.
             The game lasted 00:06:35 (2262 turns).

zeram the Grave Robber (Troll Necromancer)          Turns: 2262, Time: 00:06:36

Health: 0/49       AC:  6    Str: 15 (17) XL:     6   Next: 88%
Magic:  7/8        EV: 10    Int:  8 (11) God:
Gold:   91         SH:  0    Dex: 14 (16) Spells: 5/9 levels left

rFire   . . .      SeeInvis .   q - +2 club (spect)
rCold   . . .      Faith    .   (no shield)
rNeg    + . .      Spirit   .   c - +2 robe {rN+}
rPois   .          Reflect  .   (helmet restricted)
rElec   .          Harm     .   (no cloak)
rCorr   .          Rampage  .   (gloves unavailable)
Will    .....                   (boots unavailable)
Stlth   ++........              (no amulet)
HPRegen 0.96/turn               f - +6 ring of dexterity
MPRegen 0.11/turn               (no ring)

@: no status effects
A: large, unfitting armour, claws 3, regeneration 1, shaggy fur 1, tough skin 1,
dopey 1, frail 1
a: no special abilities


You were on level 3 of the Dungeon.
You visited 1 branch of the dungeon, and saw 4 of its levels.

You collected 91 gold pieces.

Inventory:

Hand Weapons
 e - a +0 club
 q - a +2 spectral club (weapon)
Missiles
 r - a throwing net
Armour
 a - a +0 robe
 c - a +2 robe of positive energy (worn)
Jewellery
 f - a +6 ring of dexterity (left claw)
 p - a +6 ring of strength
Wands
 n - a wand of iceblast (9)
Scrolls
 g - a scroll of identify {unknown}
 h - 2 scrolls of enchant weapon {unknown}
 j - a scroll of poison {unknown}
 l - a scroll of immolation {unknown}
 o - 2 scrolls of teleportation {unknown}
Potions
 b - a potion of magic
 d - 2 potions of flight
 m - a potion of degeneration


   Skills:
 + Level 1.5 Fighting
 + Level 3.2 Maces & Flails
 + Level 3.2 Dodging
 - Level 1.0 Stealth
 + Level 2.0 Spellcasting
 + Level 4.4 Necromancy


You had 5 spell levels left.
You knew the following spells:

 Your Spells              Type           Power      Damage    Failure   Level
a - Necrotise             Necr           28%        1d5       6%          1
b - Vampiric Draining     Necr           7%         2d6       17%         3

Your spell library contained the following spells:

 Spells                   Type           Power      Damage    Failure   Level
 Ensorcelled Hibernation  Hex/Ice        0%         N/A       47%         2
 Passwall                 Tmut/Erth      0%         N/A       47%         2
 Animate Dead             Necr           7%         N/A       50%         4
 Swiftness                Air            0%         N/A       71%         3
 Agony                    Necr           7%         N/A       85%         5
 Fulminant Prism          Conj/Hex       0%         3d6       98%         4
 Iskenderun's Mystic Bla  Conj/Tloc      0%         2d3       98%         4
 Lee's Rapid Deconstruct  Erth           0%         3d5*      100%        5


Dungeon Overview and Level Annotations

Branches:
Dungeon (4/15)
 Temple: D:4-7

Altars:
Kikubaaqudgha

Shops:
D:3 [

Annotations:
D:3 Pikel


Innate Abilities, Weirdness & Mutations

You are too large for most types of armour.
You have claws for hands.
Your natural rate of healing is unusually fast.
You are covered in fur. (AC +1)
You have tough skin. (AC +1)
You are dopey. (Int -2)
You are frail. (-10% HP)


Message History

You closely miss Pikel.
Pikel is lightly wounded.
Pikel hits you with a +2 whip of freezing.
Pikel freezes you.
Unknown command.
You miss Pikel.
Pikel is lightly wounded.
Pikel hits you with a +2 whip of freezing!
Pikel freezes you.
Unknown command.
You bump into the rock wall.
You feel less invigorated.
You feel less confused. Pikel completely misses you.
Unknown command.
Casting: Necrotise (safe; 6% risk of failure)
Confirm with . or Enter, or press ? or * to list all spells.
Aiming: Necrotise (safe; 6% risk of failure)
Press: ? - help, Shift-Dir - straight line, f - Pikel
Aim: Pikel, wielding a +2 whip of freezing and wearing a +0 robe (lightly wounded, chance to affect: 55%) Pikel resists with significant effort.
Pikel hits you with a +2 whip of freezing!
Pikel freezes you.
You barely miss Pikel.
Pikel is lightly wounded.
Pikel misses you.
Unknown command.
You closely miss Pikel.
Pikel is lightly wounded.
Pikel hits you with a +2 whip of freezing.
Pikel freezes you.
Unknown command.
You barely miss Pikel.
Pikel is lightly wounded.
Pikel hits you with a +2 whip of freezing.
* * * LOW HITPOINT WARNING * * *
Pikel freezes you.
* * * LOW HITPOINT WARNING * * *
The orc priest mumbles some strange prayers to Beogh against you.
Beogh smites you!
You die...

#...#..####......#
#................#
#.....#####......#
###...#.# #.......
#.....#.############
#o..................
#.#####.############
#o#####....# #.
#oK@.#####.# #.
####.#####.# ##+
#.##....# #..
#.......# ##..
###....)## #...
#......# #...
#......#####...
#......+...†...
#......######..


You could see Pikel, an orc priest and an orc.

Vanquished Creatures
  Sigmund (D:2)
  A phantom (D:4)
  2 scorpions
  Jessica (D:3)
  Terence (D:2)
  2 adders (D:3)
  6 dart slugs
  4 bats
  4 endoplasms
  2 giant cockroaches
  6 goblins
  4 hobgoblins
  5 quokkas
  4 ball pythons
  3 frilled lizards
  3 kobolds
  7 rats
56 creatures vanquished.

Vanquished Creatures (others)
  2 withered plants (D:3)
2 creatures vanquished.

Grand Total: 58 creatures vanquished

Notes
Turn   | Place    | Note
-------+----------+-------------------------------------------
     0 | D:1      | zeram the Troll Necromancer began the quest for the Orb.
     0 | D:1      | Reached XP level 1. HP: 16/16 MP: 1/1
    47 | D:1      | Found a faded altar of an unknown god.
   410 | D:1      | Reached XP level 2. HP: 24/24 MP: 2/2
   961 | D:2      | Noticed Sigmund
   986 | D:2      | Killed Sigmund
   987 | D:2      | Reached skill level 1 in Fighting
   987 | D:2      | Reached skill level 4 in Necromancy
   987 | D:2      | Reached XP level 3. HP: 15/33 MP: 1/4
   987 | D:2      | Reached XP level 4. HP: 19/41 MP: 1/5
   987 | D:2      | Reached XP level 5. HP: 22/48 MP: 1/6
  1049 | D:2      | Noticed Terence
  1151 | D:3      | Noticed Jessica
  1160 | D:3      | Killed Jessica
  1184 | D:3      | Learned a level 3 spell: Vampiric Draining
  1222 | D:3      | Reached XP level 6. HP: 55/55 MP: 7/7
  1271 | D:3      | Found Xuiloq's Antique Armour Boutique.
  1457 | D:3      | Found an ancient bone altar of Kikubaaqudgha.
  1945 | D:2      | Killed Terence
  2208 | D:4      | Noticed Pikel
  2252 | D:3      | Gained mutation: You are frail. (-10% HP) [potion of
                  | mutation]
  2252 | D:3      | Gained mutation: You are dopey. (Int -2) [potion of
                  | mutation]
  2262 | D:3      | Killed from afar by an orc priest

Illustrated notes

Levels and vault maps discovered:
D:1:      ebering_trefoil_3fold, layout_loops_corners,
          ebering_ecumenical_altar_webs
D:2:      layout_rooms, uniq_sigmund, uniq_terence
D:3:      layout_basic, kiku_gazebo_garden_becter, serial_shops, shop,
          minmay_misc_feat_x, uniq_jessica
D:4:      layout_loops_ring, gammafunk_ghost_arena, uniq_pikel

Skill      XL: |  1  2  3  4  5  6 |
---------------+-------------------+-----
Fighting       | 1 |  1.5
Maces & Flails | 2 3 |  3.2
Dodging        | 2 3 |  3.2
Necromancy     | 4 |  4.4
Spellcasting   | 2 |  2.0
Stealth        | |  1.0

Action                   |  1- 3 |  4- 6 || total
-------------------------+-------+-------++-------
Melee: Club              |    91 |   114 ||   205
       Unarmed           |     5 |       ||     5
       Punch             |       |     2 ||     2
 Cast: Necrotise         |     3 |    15 ||    18
  Use: Potion            |     2 |     3 ||     5
 Stab: Distracted        |       |     1 ||     1
       Sleeping          |       |     2 ||     2
Armor: Robe              |    62 |    43 ||   105
Dodge: Dodged            |    82 |    87 ||   169
